TOP OF THE 1ST |
University of Virginia Cavaliers batting - Pitching for California State University at Fullerton Titans : RHP Nelson Araujo
|
Pitching: RHP Nelson Araujo
|
|
Batting: RHB Scott Anderson
|
0-0: Called Strike 0-1: Called Strike 0-2: Strikes out looking
|
Batting: RHB Jason Thresher
|
0-0: Foul Ball, location: 2F 0-1: Ball 1-1: Foul Ball, location: 2F 1-2: Fly out, F7 (Flyball, 7D, EV 104.4 MPH)
|
Batting: RHB Jason Lambert
|
0-0: Ball 1-0: Foul Ball, location: 2F 1-1: Fly out, F8 (Flyball, 8LM, EV 91.2 MPH)
|
Top of the 1st over - 0 runs, 0 hits, 0 errors, 0 left on base; University of Virginia 0 - California State University at Fullerton 0 |
BOTTOM OF THE 1ST |
California State University at Fullerton Titans batting - Pitching for University of Virginia Cavaliers : RHP Jesus Castaneda
|
Pitching: RHP Jesus Castaneda
|
|
Batting: RHB Matt Martin
|
0-0: Ball 1-0: Ball 2-0: Reached on error, E5 (Groundball, 56S, EV 83.1 MPH)
|
Batting: RHB Simon Sultzbach
|
0-0: Fly out, F8 (Flyball, 8RM, EV 93.1 MPH)
|
Batting: LHB Kris Zimbalist
|
0-0: Ball 1-0: Ball 2-0: Foul Ball, location: 2F 2-1: SINGLE (Groundball, 6M, EV 88.1 MPH) (infield hit) Matt Martin to second
|
Batting: RHB Felipe Lara
|
0-0: Foul Ball, location: 2F 0-1: Foul Ball, location: 2F 0-2: Foul Ball, location: 2F 0-2: Ball 1-2: Ball 2-2: Ball 3-2: Fly out, F8 (Flyball, 8LD, EV 101.2 MPH)
|
Batting: RHB Tai fat Louis
|
0-0: Ball 1-0: Ball 2-0: Foul Ball, location: 2F 2-1: Foul Ball, location: 2F 2-2: Strikes out looking
|
Bottom of the 1st over - 0 runs, 1 hit, 1 error, 2 left on base; University of Virginia 0 - California State University at Fullerton 0 |
TOP OF THE 2ND |
University of Virginia Cavaliers batting - Pitching for California State University at Fullerton Titans : RHP Nelson Araujo
|
Batting: SHB Tim Lloyd
|
0-0: Foul Ball, location: 2F 0-1: Ball 1-1: Ball 2-1: Ball 3-1: Foul Ball, location: 2F 3-2: Strikes out swinging
|
Batting: RHB Nick Cech
|
0-0: Foul Ball, location: 2F 0-1: Swinging Strike 0-2: Ball 1-2: Strikes out swinging
|
Batting: SHB Mink Hendriks
|
0-0: Ball 1-0: Reached on error, E4 (Groundball, 4, EV 105.6 MPH)
|
Batting: RHB Matt Morales
|
0-0: Fly out, F8 (Flyball, 8LM, EV 86.2 MPH)
|
Top of the 2nd over - 0 runs, 0 hits, 1 error, 1 left on base; University of Virginia 0 - California State University at Fullerton 0 |
BOTTOM OF THE 2ND |
California State University at Fullerton Titans batting - Pitching for University of Virginia Cavaliers : RHP Jesus Castaneda
|
Batting: LHB Mike Fernandez
|
0-0: Ball 1-0: Foul Ball, location: 2F 1-1: Ground out 5-3 (Groundball, 56, EV 91.9 MPH)
|
Batting: LHB Efrain Gonzalez
|
0-0: Ball 1-0: Swinging Strike 1-1: Swinging Strike 1-2: Ball 2-2: Strikes out swinging
|
Batting: RHB Sergio Cervantes
|
0-0: Called Strike 0-1: Foul Ball, location: 2F 0-2: Fly out, F6 (Popup, 6, EV 80.6 MPH)
|
Bottom of the 2nd over - 0 runs, 0 hits, 0 errors, 0 left on base; University of Virginia 0 - California State University at Fullerton 0 |
TOP OF THE 3RD |
University of Virginia Cavaliers batting - Pitching for California State University at Fullerton Titans : RHP Nelson Araujo
|
Batting: RHB Alex Ruschin
|
0-0: SINGLE (Line Drive, 9S, EV 99.4 MPH)
|
Batting: RHB Mitchell Archdeacon
|
0-0: Called Strike 0-1: Swinging Strike 0-2: SINGLE (Line Drive, 4MD, EV 100.0 MPH) Alex Ruschin to second
|
Batting: RHB Scott Anderson
|
0-0: Ball 1-0: SINGLE (Line Drive, 6D, EV 102.5 MPH) Alex Ruschin to third Mitchell Archdeacon to second
|
Batting: RHB Jason Thresher
|
0-0: Called Strike 0-1: Foul Ball, location: 2F 0-2: Ball 1-2: Grounds into fielders choice 1-2 (Groundball, 13S, EV 71.2 MPH) Mitchell Archdeacon to third Scott Anderson to second
|
Batting: RHB Jason Lambert
|
0-0: Called Strike 0-1: Foul Ball, location: 2F 0-2: Ball 1-2: Foul Ball, location: 2F 1-2: Ball 2-2: Ball 3-2: Foul Ball, location: 2F 3-2: Grounds into double play, 6-4-3 (Groundball, 6, EV 86.2 MPH)
|
Top of the 3rd over - 0 runs, 3 hits, 0 errors, 2 left on base; University of Virginia 0 - California State University at Fullerton 0 |
BOTTOM OF THE 3RD |
California State University at Fullerton Titans batting - Pitching for University of Virginia Cavaliers : RHP Jesus Castaneda
|
Batting: SHB Jason Pugh
|
0-0: Ball 1-0: Ball 2-0: Ball 3-0: Called Strike 3-1: Ground out 4-3 (Groundball, 4D, EV 101.2 MPH)
|
Batting: RHB Matt Martin
|
0-0: Ground out 1-3 (Groundball, 15S, EV 71.2 MPH)
|
Batting: RHB Simon Sultzbach
|
0-0: Foul Ball, location: 2F 0-1: Ball 1-1: Ball 2-1: Ball 3-1: Called Strike 3-2: Strikes out swinging
|
Bottom of the 3rd over - 0 runs, 0 hits, 0 errors, 0 left on base; University of Virginia 0 - California State University at Fullerton 0 |
TOP OF THE 4TH |
University of Virginia Cavaliers batting - Pitching for California State University at Fullerton Titans : RHP Nelson Araujo
|
Batting: SHB Tim Lloyd
|
0-0: Ball 1-0: Ball 2-0: Ball 3-0: Called Strike 3-1: Called Strike 3-2: Strikes out swinging
|
Batting: RHB Nick Cech
|
0-0: Ball 1-0: Called Strike 1-1: Ball 2-1: Swinging Strike 2-2: Foul Ball, location: 2F 2-2: Ball 3-2: Base on Balls
|
Batting: SHB Mink Hendriks
|
0-0: Ball 1-0: Foul Ball, location: 2F 1-1: Ball 2-1: Swinging Strike 2-2: Ball 3-2: Strikes out swinging
|
Batting: RHB Matt Morales
|
0-0: Ball 1-0: Called Strike 1-1: Ball 2-1: Ground out 5-3 (Groundball, 56S, EV 66.2 MPH)
|
Top of the 4th over - 0 runs, 0 hits, 0 errors, 1 left on base; University of Virginia 0 - California State University at Fullerton 0 |
BOTTOM OF THE 4TH |
California State University at Fullerton Titans batting - Pitching for University of Virginia Cavaliers : RHP Jesus Castaneda
|
Batting: LHB Kris Zimbalist
|
0-0: Ball 1-0: Foul Ball, location: 2F 1-1: Ball 2-1: Foul Ball, location: 2F 2-2: Ball 3-2: Foul Ball, location: 2F 3-2: Ground out 6-3 (Groundball, 4M, EV 95.0 MPH)
|
Batting: RHB Felipe Lara
|
0-0: Ground out 5-3 (Groundball, 5, EV 110.6 MPH)
|
Batting: RHB Tai fat Louis
|
0-0: Swinging Strike 0-1: Called Strike 0-2: Foul Ball, location: 2F 0-2: Ball 1-2: Ball 2-2: Strikes out swinging
|
Bottom of the 4th over - 0 runs, 0 hits, 0 errors, 0 left on base; University of Virginia 0 - California State University at Fullerton 0 |
TOP OF THE 5TH |
University of Virginia Cavaliers batting - Pitching for California State University at Fullerton Titans : RHP Nelson Araujo
|
Pitching: RHP David Akers
|
|
Now at 2B: Alex Rivas
|
|
Batting: RHB Alex Ruschin
|
0-0: Ball 1-0: Ground out 6-3 (Groundball, 56, EV 104.4 MPH)
|
Batting: RHB Mitchell Archdeacon
|
0-0: Called Strike 0-1: Ball 1-1: Foul Ball, location: 2F 1-2: Ball 2-2: Ball 3-2: Strikes out looking
|
Batting: RHB Scott Anderson
|
0-0: Ball 1-0: SINGLE (Flyball, 8RS, EV 90.0 MPH)
|
Batting: RHB Jason Thresher
|
0-0: Ball Scott Anderson is caught stealing 2nd base 2-4
|
Top of the 5th over - 0 runs, 1 hit, 0 errors, 0 left on base; University of Virginia 0 - California State University at Fullerton 0 |
BOTTOM OF THE 5TH |
California State University at Fullerton Titans batting - Pitching for University of Virginia Cavaliers : RHP Jesus Castaneda
|
Pitching: RHP Moses Villas
|
|
Batting: LHB Mike Fernandez
|
0-0: Foul Ball, location: 2F 0-1: Foul Ball, location: 2F 0-2: Reached on error, E4 (Groundball, 4, EV 86.9 MPH)
|
Batting: LHB Efrain Gonzalez
|
0-0: Grounds into double play, 4-6-3 (Groundball, 4, EV 78.1 MPH)
|
Batting: RHB Sergio Cervantes
|
0-0: Swinging Strike 0-1: Ground out 3-1 (Groundball, 13, EV 88.1 MPH)
|
Bottom of the 5th over - 0 runs, 0 hits, 1 error, 0 left on base; University of Virginia 0 - California State University at Fullerton 0 |
TOP OF THE 6TH |
University of Virginia Cavaliers batting - Pitching for California State University at Fullerton Titans : RHP David Akers
|
Pitching: RHP Rich McCain
|
|
Now at 3B: Jeremy Evans
|
|
Pinch Hitting: RHB Pedro Lopez
|
0-0: Called Strike 0-1: Fly out, F2 (Popup, 2RF, EV 94.4 MPH)
|
Batting: RHB Leo Baxter
|
0-0: Foul Ball, location: 2F 0-1: Foul Ball, location: 2F 0-2: Foul Ball, location: 2F 0-2: Strikes out swinging
|
Pinch Hitting: RHB Luke Bertrand
|
0-0: Ball 1-0: Ball 2-0: Ball 3-0: Called Strike 3-1: Fly out, F8 (Line Drive, 8RM, EV 99.4 MPH)
|
Top of the 6th over - 0 runs, 0 hits, 0 errors, 0 left on base; University of Virginia 0 - California State University at Fullerton 0 |
BOTTOM OF THE 6TH |
California State University at Fullerton Titans batting - Pitching for University of Virginia Cavaliers : RHP Moses Villas
|
Pitching: RHP Brian Ryan
|
|
Now at 1B: Mitchell Archdeacon
|
|
Now at 2B: Alex Ruschin
|
|
Now at SS: Pedro Lopez
|
|
Now in RF: Luke Bertrand
|
|
Batting: SHB Jason Pugh
|
0-0: Ball 1-0: Foul Ball, location: 2F 1-1: Ball 2-1: Ground out 1-3 (Groundball, 13S, EV 66.2 MPH)
|
Batting: LHB B.J. Ferguson
|
0-0: Foul Ball, location: 2F 0-1: Fly out, F8 (Line Drive, 8LD, EV 92.5 MPH)
|
Batting: RHB Simon Sultzbach
|
0-0: Foul Ball, location: 2F 0-1: Called Strike 0-2: Ball 1-2: Foul Ball, location: 2F 1-2: Foul Ball, location: 2F 1-2: Ball 2-2: Strikes out swinging
|
Bottom of the 6th over - 0 runs, 0 hits, 0 errors, 0 left on base; University of Virginia 0 - California State University at Fullerton 0 |
TOP OF THE 7TH |
University of Virginia Cavaliers batting - Pitching for California State University at Fullerton Titans : RHP Rich McCain
|
Now in CF: Alex Freyre
|
|
Now in RF: Steve Lane
|
|
Pinch Hitting: RHB Allen McCaskill
|
0-0: Ball 1-0: Ball 2-0: Foul Ball, location: 2F 2-1: Called Strike 2-2: Foul Ball, location: 2F 2-2: Ball 3-2: Ground out 5-3 (Groundball, 56, EV 76.9 MPH)
|
Batting: SHB Mink Hendriks
|
0-0: Fly out, F7 (Line Drive, 7, EV 95.6 MPH)
|
Pinch Hitting: RHB Jose Velez
|
0-0: Ball 1-0: Called Strike 1-1: Called Strike 1-2: Ball 2-2: Ball 3-2: DOUBLE (Line Drive, 3D, EV 103.8 MPH)
|
Pinch Hitting: RHB Mike Llamas
|
0-0: SINGLE (Groundball, 6D, EV 101.9 MPH) Jose Velez to third
|
Pinch Hitting: LHB Alex Aguilar
|
0-0: Called Strike 0-1: Ball 1-1: Ball 2-1: Called Strike 2-2: Strikes out looking
|
Top of the 7th over - 0 runs, 2 hits, 0 errors, 2 left on base; University of Virginia 0 - California State University at Fullerton 0 |
BOTTOM OF THE 7TH |
California State University at Fullerton Titans batting - Pitching for University of Virginia Cavaliers : RHP Brian Ryan
|
Pitching: RHP Jason Odle
|
|
Now at 1B: Alex Aguilar
|
|
Now at 2B: Pedro Lopez
|
|
Now at 3B: Allen McCaskill
|
|
Now at SS: Mike Llamas
|
|
Now in LF: Scott Anderson
|
|
Now in CF: Jose Velez
|
|
Batting: LHB Steve Lane
|
0-0: Ball 1-0: Ball 2-0: Called Strike 2-1: Foul Ball, location: 2F 2-2: Foul Ball, location: 2F 2-2: Strikes out looking
|
Pinch Hitting: RHB Joe McKinzie
|
0-0: Ball 1-0: Ground out 5-3 (Groundball, 5, EV 108.1 MPH)
|
Pinch Hitting: SHB Jonathan Jacob
|
0-0: Called Strike 0-1: Ball 1-1: Fly out, F6 (Popup, 6, EV 56.9 MPH)
|
Bottom of the 7th over - 0 runs, 0 hits, 0 errors, 0 left on base; University of Virginia 0 - California State University at Fullerton 0 |
TOP OF THE 8TH |
University of Virginia Cavaliers batting - Pitching for California State University at Fullerton Titans : RHP Rich McCain
|
Pitching: RHP Jorge Garza
|
|
Now at 1B: Jonathan Jacob
|
|
Now at 2B: Sergio Cervantes
|
|
Now at SS: Zach Warwick
|
|
Pinch Hitting: RHB Billy Wells
|
0-0: Ball 1-0: Foul Ball, location: 2F 1-1: Ball 2-1: Swinging Strike 2-2: Foul Ball, location: 2F 2-2: Strikes out swinging
|
Pinch Hitting: LHB Ray Nichter
|
0-0: Foul Ball, location: 2F 0-1: Ball 1-1: Ball 2-1: Ball 3-1: Ground out 3-1 (Groundball, 34S, EV 88.1 MPH)
|
Batting: RHB Leo Baxter
|
0-0: SOLO HOME RUN (Flyball, 9LD, EV 92.5 MPH), Distance : 346 ft
|
Batting: RHB Luke Bertrand
|
0-0: Ball 1-0: Called Strike 1-1: Foul Ball, location: 2F 1-2: Ball 2-2: SINGLE (Flyball, 4D, EV 90.6 MPH)
|
Batting: RHB Allen McCaskill
|
0-0: Foul Ball, location: 2F 0-1: Foul Ball, location: 2F 0-2: Ball 1-2: Ball 2-2: Strikes out swinging
|
Top of the 8th over - 1 run, 2 hits, 0 errors, 1 left on base; University of Virginia 1 - California State University at Fullerton 0 |
BOTTOM OF THE 8TH |
California State University at Fullerton Titans batting - Pitching for University of Virginia Cavaliers : RHP Jason Odle
|
Now at 2B: Maurice McDonald
|
|
Now in LF: Eddie Vidalez
|
|
Pinch Hitting: LHB John Blumberg
|
0-0: Swinging Strike 0-1: Ball 1-1: Swinging Strike 1-2: Foul Ball, location: 2F 1-2: Strikes out swinging
|
Pinch Hitting: LHB Jim Snell
|
0-0: Called Strike 0-1: Foul Ball, location: 2F 0-2: Foul Ball, location: 2F 0-2: Strikes out swinging
|
Pinch Hitting: LHB Alberto Aguilar
|
0-0: Ball 1-0: Called Strike 1-1: Ball 2-1: Ball 3-1: Base on Balls
|
Pinch Hitting: LHB Mike Lauritsen
|
0-0: Foul Ball, location: 2F 0-1: Ball 1-1: Swinging Strike 1-2: SINGLE (Line Drive, 6M, EV 95.0 MPH) Alberto Aguilar to second
|
Batting: LHB B.J. Ferguson
|
0-0: Called Strike 0-1: Swinging Strike 0-2: Ball 1-2: Strikes out swinging
|
Bottom of the 8th over - 0 runs, 1 hit, 0 errors, 2 left on base; University of Virginia 1 - California State University at Fullerton 0 |
TOP OF THE 9TH |
University of Virginia Cavaliers batting - Pitching for California State University at Fullerton Titans : RHP Jorge Garza
|
Pitching: RHP Jaime Zapata
|
|
Now at 2B: Alberto Aguilar
|
|
Now at 3B: Mike Lauritsen
|
|
Now in LF: Jeremy May
|
|
Now in CF: Jim Snell
|
|
Pinch Hitting: RHB Tony Montoya
|
0-0: Ball 1-0: Foul Ball, location: 2F 1-1: Foul Ball, location: 2F 1-2: Fly out, F7 (Flyball, 7, EV 88.1 MPH)
|
Pinch Hitting: RHB Rob Coble
|
0-0: Ball 1-0: Ball 2-0: Swinging Strike 2-1: Foul Ball, location: 2F 2-2: Strikes out swinging
|
Pitching: RHP Tyler Van der Lugt
|
|
Batting: RHB Mike Llamas
|
0-0: Called Strike 0-1: Ball 1-1: Ball 2-1: SINGLE (Groundball, 4M, EV 105.0 MPH) (infield hit)
|
Pinch Hitting: SHB Ethan Lewis
|
0-0: Ball Mike Llamas is caught stealing 2nd base 2-6
|
Top of the 9th over - 0 runs, 1 hit, 0 errors, 0 left on base; University of Virginia 1 - California State University at Fullerton 0 |
BOTTOM OF THE 9TH |
California State University at Fullerton Titans batting - Pitching for University of Virginia Cavaliers : RHP Jason Odle
|
Pitching: LHP Juan Quiroz
|
|
Now at C: Dustin Medford
|
|
Now at 1B: Jeremy Weber
|
|
Now in CF: Ethan Lewis
|
|
Pinch Hitting: RHB Jim Cahan
|
0-0: Ball 1-0: Called Strike 1-1: Ball 2-1: Swinging Strike 2-2: Strikes out swinging
|
Pinch Hitting: LHB Edwin Esparza
|
0-0: Foul Ball, location: 2F 0-1: Ball 1-1: Foul Ball, location: 2F 1-2: Ball 2-2: Ball 3-2: SINGLE (Groundball, 34D, EV 96.9 MPH)
|
Pinch Hitting: SHB Eric Delikat
|
0-0: Ball 1-0: Foul Ball, location: 2F 1-1: Foul Ball, location: 2F 1-2: Foul Ball, location: 2F 1-2: Strikes out swinging
|
Pinch Hitting: RHB Nick Pothier
|
0-0: Ball 1-0: Ground out 5-3 (Groundball, 5S, EV 78.1 MPH)
|
Bottom of the 9th over - 0 runs, 1 hit, 0 errors, 1 left on base; University of Virginia 1 - California State University at Fullerton 0 |
|